 Dungeon Crawl Stone Soup version 0.31-a0-1127-ge7b2bbabab (webtiles) character file.

Game seed: 863455966197946132

53 MacCMillion the Shield-Bearer (level 3, 0/31 HPs)
             Began as a Ghoul Fighter on Dec 5, 2023.
             Slain by a black bear (3 damage)
             ... on level 3 of the Dungeon.
             The game lasted 00:02:00 (1941 turns).

MacCMillion the Shield-Bearer (Ghoul Fighter)       Turns: 1941, Time: 00:02:01

Health: 0/31       AC:  6    Str: 21    XL:     3   Next: 89%
Magic:  2/2        EV:  9    Int:  7    God:
Gold:   39         SH:  4    Dex:  8    Spells: 2/2 levels left

rFire   . . .        a - +0 war axe
rCold   + . .        c - +0 buckler
rNeg    + + +        b - +0 scale mail
rPois   ∞            (no helmet)
rElec   .            (no cloak)
rCorr   .            (no gloves)
SInv    .            (no boots)
Will    .....        (no amulet) Stlth
                     (no ring)
HPRegen 0.00/turn    (no ring)
MPRegen 0.08/turn

%: no passive effects
@: inhibited regen
A: claws 1, cold resistance 1, negative energy resistance 3, inhibited
regeneration, torment resistance 2, devour on kill
a: no special abilities


You were on level 3 of the Dungeon.
You visited 1 branch of the dungeon, and saw 3 of its levels.

You collected 39 gold pieces.

Inventory:

Hand Weapons
 a - a +0 war axe (weapon)
Missiles
 f - a throwing net
Armour
 b - a +0 scale mail (worn)
 c - a +0 buckler (worn)
Jewellery
 j - an amulet of the acrobat
Scrolls
 g - 2 scrolls of enchant armour {unknown}
 i - a scroll of revelation {unknown}
 k - a scroll of fear {unknown}
 l - 3 scrolls of enchant weapon {unknown}
 m - a scroll of identify {unknown}
Potions
 d - a potion of might
 e - a potion of curing {unknown}
 h - a potion of heal wounds {unknown}


   Skills:
 - Level 3.2 Fighting
 + Level 2.9 Axes
 - Level 2.6 Armour
 + Level 3.5 Shields


You had 2 spell levels left.
You didn't know any spells.
Your spell library contained the following spells:

 Spells                   Type           Power      Damage    Failure   Level
 Dazzling Flash           Conj/Hex       0%         N/A       99%         3
 Volatile Blastmotes      Fire/Tloc      0%         2d10      99%         3
 Starburst                Conj/Fire      0%         6d3       100%        6
 Maxwell's Capacitive Co  Air            0%         ∞         100%        8


Dungeon Overview and Level Annotations

Branches:
Dungeon (3/15)

Altars:

Shops:
D:2 [


Innate Abilities, Weirdness & Mutations

You are immune to poison.
You have sharp fingernails.
Your flesh is cold resistant. (rC+)
You are immune to negative energy. (rN+++)
You do not regenerate when monsters are visible.
You are immune to unholy pain and torment.
You thrive by killing the living.


Message History

The black bear claws you but does no damage.
The adder bites you but does no damage.
You slash the adder!
You kill the adder!
You completely miss the black bear. The black bear barely misses you.
The black bear claws you but does no damage. x2
The orc shouts!
You hit the black bear.
The black bear is moderately wounded.
You hear the slow rusting of a distant drain.
You block the black bear's attack. The black bear claws you.
The black bear barely misses you. The black bear bites you!
The black bear claws you.
The black bear claws you but does no damage.
You barely miss the black bear.
The black bear is moderately wounded.
The black bear barely misses you. The black bear claws you.
The black bear barely misses you.
You hit the black bear.
The black bear is moderately wounded.
The black bear bites you but does no damage.
The black bear barely misses you. x2; The black bear bites you.
The black bear barely misses you. The black bear claws you.
You hit the black bear.
The black bear is heavily wounded.
The black bear barely misses you. The black bear claws you.
The black bear claws you but does no damage.
You hit the black bear.
The black bear is severely wounded.
The black bear bites you.
* * * LOW HITPOINT WARNING * * *
The black bear barely misses you. You block the black bear's attack.
You hit the black bear.
The black bear is severely wounded.
The black bear bites you.
* * * LOW HITPOINT WARNING * * *
The black bear barely misses you. The black bear completely misses you.
The black bear closely misses you. The black bear barely misses you.
The black bear claws you.
You die...

## o.# h.## ## #... .#
#..# .# #..# .# #..###
.# ######...##†#
#######......#oh@.#
#.........#######.....#
#....##.#.# ..##.#
#(...##.#.# ###...
#....##.#.# #<###..
####....#.######'####..#
######...........:..#
####.......###.#
#.......#


You could see a black bear and an orc.

Vanquished Creatures
  2 adders
  A worm (D:2)
  A dart slug (D:3)
  2 endoplasms (D:2)
  4 goblins (D:2)
  3 hobgoblins
  4 jackals (D:2)
  5 kobolds
  A quokka (D:1)
  2 bats
  2 frilled lizards
  A rat (D:1)
28 creatures vanquished.

Notes
Turn   | Place    | Note
-------+----------+-------------------------------------------
     0 | D:1      | MacCMillion the Ghoul Fighter began the quest for the Orb.
     0 | D:1      | Reached XP level 1. HP: 19/19 MP: 0/0
   544 | D:1      | Reached XP level 2. HP: 24/26 MP: 1/1
  1347 | D:2      | Found Haiduetae's Antique Armour Shoppe.
  1397 | D:2      | Reached XP level 3. HP: 21/31 MP: 2/2
  1925 | D:3      | Noticed a black bear
  1941 | D:3      | Slain by a black bear

Illustrated notes

Levels and vault maps discovered:
D:1:      kennysheep_arrival_seaside, layout_loops_ring
D:2:      layout_loops_ring, serial_shops, shop, serial_forest,
          infiniplex_forest_lined_2, infiniplex_forest_clump_curved,
          infiniplex_forest_clump_curved, infiniplex_forest_join,
          infiniplex_forest_lined_corner, infiniplex_forest_lined_3
D:3:      layout_basic, gup_sewer_entry_pipe, corexii_shack

Skill      XL: |  1 |
---------------+----+-----
Axes           | 2 |  2.9
Shields        | 3 |  3.5
Fighting       | |  3.2
Armour         | |  2.6

Action                     || total
---------------------------++-------
  Melee: War axe           ||   143
 Armour: Scale mail        ||   107
  Dodge: Dodged            ||    71
  Block: Buckler           ||    21

Table legend: (Time is in decaauts)
 A = Elapsed time spent in this place.
 B = Non-inter-level travel time spent in this place.
 C = Inter-level travel time spent in this place.
 D = Time resting spent in this place.
 E = Time spent auto-exploring this place.
 F = Levels seen in this place.
 G = Mean time per level.
                   A        B        C        D        E       F      G
               +--------+--------+--------+--------+--------+-----+--------+
         Total |   2001 |   1911 |     90 |    199 |   1391 |   3 |  667.0 |
       Dungeon |   2001 |   1911 |     90 |    199 |   1391 |   3 |  667.0 |
               +--------+--------+--------+--------+--------+-----+--------+

Top non-repeatable levels by time:
     D:2: 1025 daAuts
     D:1: 919 daAuts
     D:3: 56 daAuts
